 Dungeon Crawl Stone Soup version 0.30.0-19-g36f170ea60 (webtiles) character file.

Game seed: 4401157235920947891

581 tizbic2 the Trooper (level 7, -4/71 HPs)
             Began as an Ogre Warper on May 28, 2023.
             Slain by a gnoll bouda
             ... wielding a +0 club
              (7 damage)
             ... on level 4 of the Dungeon.
             The game lasted 00:13:02 (2774 turns).

tizbic2 the Trooper (Ogre Warper)                   Turns: 2774, Time: 00:13:03

Health: -4/71      AC:  3    Str: 16    XL:     7   Next: 36%
Magic:  12/12      EV: 10    Int: 16    God:
Gold:   255        SH:  0    Dex:  8    Spells: 11/13 levels left

rFire   + . .        e - +0 war axe
rCold   . . .        (no shield)
rNeg    . . .        i - +0 robe
rPois   +            (helmet restricted)
rElec   .            (no cloak)
rCorr   .            (gloves unavailable)
SInv    .            (boots unavailable)
Will    .....        (no amulet)
Stlth   +            g - ring of poison resistance
HPRegen 0.31/turn    s - ring of protection from fire
MPRegen 0.13/turn

%: no passive effects
@: no status effects
A: large, unfitting armour, tough skin 1
a: no special abilities


You were on level 4 of the Dungeon.
You visited 1 branch of the dungeon, and saw 5 of its levels.

You collected 255 gold pieces.

Inventory:

Hand Weapons
 a - a +0 mace
 b - a +2 antimagic sling
 e - a +0 war axe (weapon)
 l - a +1 short sword of electrocution
Missiles
 d - 7 boomerangs of dispersal
 f - 46 stones
 h - 5 poisoned darts (quivered)
 p - 4 curare-tipped darts
Armour
 i - a +0 robe (worn)
Jewellery
 g - a ring of poison resistance (left hand)
 s - a ring of protection from fire (right hand)
Wands
 k - a wand of acid (8)
 t - a wand of polymorph (5)
Scrolls
 c - 2 scrolls of blinking
 j - a scroll of fog
 o - a scroll of teleportation
 q - 2 scrolls of identify
Potions
 n - a potion of attraction


   Skills:
 + Level 4.4 Fighting
 * Level 3.8 Maces & Flails
 * Level 3.9 Throwing
 + Level 3.1 Dodging
 + Level 3.6 Spellcasting
 + Level 3.7 Translocations


You had 11 spell levels left.
You knew the following spells:

 Your Spells              Type           Power      Damage    Failure   Level
a - Blink                 Tloc           28%        N/A       6%          2

Your spell library contained the following spells:

 Spells                   Type           Power      Damage    Failure   Level
 Lesser Beckoning         Tloc           28%        N/A       6%          2
 Teleport Other           Tloc           14%        N/A       12%         3
 Vhi's Electric Charge    Tloc/Air       16%        N/A       24%         3
 Manifold Assault         Tloc           14%        N/A       36%         4


Dungeon Overview and Level Annotations

Branches:
Dungeon (5/15)
 Temple: D:4-7

Altars:
The Shining One

Annotations:
D:4 3 runed translucent doors, nroviw's ghost, novice DsBe


Innate Abilities, Weirdness & Mutations

You are too large for most types of armour.
You have tough skin. (AC +1)


Message History

The gnolls pick up the pace!
You hit the gnoll.
The gnoll is almost dead.
You hit the gnoll.
You kill the gnoll!
The gnoll barely misses you.
You slash the gnoll!
You kill the gnoll!
The gnoll bouda gazes fiercely through you!
You feel your attacks grow feeble. The gnoll completely misses you.
Things that are here:
a +0 club; a gnoll corpse You closely miss the gnoll.
The gnoll misses you.
You hit the gnoll bouda.
The gnoll bouda is moderately wounded.
The gnoll hits you from afar with a +0 halberd!
The gnoll hits you with a +0 halberd!
The gnoll bouda hits you but does no damage.
You barely miss the gnoll.
You hit the gnoll bouda but do no damage.
Your attacks no longer feel as feeble.
The gnoll hits you with a +0 halberd!
The gnoll bouda hits you with a +0 club.
The gnoll hits you with a +0 halberd.
You hit the gnoll.
The gnoll is lightly wounded.
You hit the gnoll bouda but do no damage.
The gnoll bouda hits you with a +0 club!
* * * LOW HITPOINT WARNING * * *
The gnoll barely misses you.
The gnoll bouda hits you with a +0 club.
* * * LOW HITPOINT WARNING * * *
You hit the gnoll.
The gnoll is moderately wounded.
You hit the gnoll bouda but do no damage.
The gnoll hits you with a +0 halberd!
* * * LOW HITPOINT WARNING * * *
The gnoll bouda hits you with a +0 club!
You die...

######...........##
..#.#..†..........##
.......###.........## #
.......#.#..........# ..##
............#.......# ...#
.......#............###..###
.......#...................###
.....g....##.....g........##..#
........g###...g@).>..........
....ggg.###......)†...........
......S..###................#
.........# ###..#>.......#..#
........... ##.##........#.#
......###.###...#..........####
#...........##..#.............#..
##..............##.......).......
#..##...................†.##....


You could see a gnoll bouda and a gnoll (swift).

Vanquished Creatures
  A phantom (D:4)
  3 scorpions
  A hound (D:4)
  4 orc priests
  An orc wizard (D:3)
  3 gnolls
  3 adders
  An ufetubus (D:4)
  9 orcs
  11 endoplasms
  6 giant cockroaches
  3 goblins (D:1)
  11 hobgoblins
  2 jackals (D:5)
  6 kobolds
  2 quokkas
  6 ball pythons
  4 bats
  2 frilled lizards
  5 rats
84 creatures vanquished.

Notes
Turn   | Place    | Note
-------+----------+-------------------------------------------
     0 | D:1      | tizbic2 the Ogre Warper began the quest for the Orb.
     0 | D:1      | Reached XP level 1. HP: 22/22 MP: 3/3
   152 | D:1      | Reached XP level 2. HP: 29/29 MP: 1/5
   313 | D:1      | Reached XP level 3. HP: 33/36 MP: 2/6
   321 | D:1      | Reached skill level 3 in Fighting
   812 | D:2      | Learned a level 2 spell: Blink
  1072 | D:3      | Reached XP level 4. HP: 45/45 MP: 2/8
  1316 | D:3      | Reached XP level 5. HP: 50/53 MP: 3/9
  1504 | D:3      | Found a glowing golden altar of the Shining One.
  1927 | D:4      | Reached XP level 6. HP: 42/62 MP: 4/10
  2055 | D:4      | Found a runed translucent gate.
  2056 | D:4      | Found a runed translucent gate.
  2056 | D:4      | Noticed nroviw's ghost (novice DsBe)
  2057 | D:4      | Found a runed translucent gate.
  2124 | D:4      | Reached skill level 4 in Fighting
  2311 | D:5      | Entered Level 5 of the Dungeon
  2373 | D:5      | Reached XP level 7. HP: 28/70 MP: 4/12
  2774 | D:4      | HP: 3/71 [gnoll/+0 halberd[a gnoll bouda] (16)]
  2774 | D:4      | Slain by a gnoll bouda

Illustrated notes

Levels and vault maps discovered:
D:1:      dpeg_arrival_solitude, layout_rooms
D:2:      layout_loops_ring, serial_glass, glass_columns_a, glass_columns_c
D:3:      layout_basic, nicolae_tso_carved_into_rock, serial_glass,
          glass_columns_a, glass_columns_c, glass_columns_b, glass_columns_b,
          glass_columns_a, minmay_strange_pillars, feat_on_display,
          feat_on_display, due_unseen_surprise, palyth_stone_intersect,
          chequers_garden, corexii_corridor_pit, minmay_strange_pillars
D:4:      layout_cave_pools, gammafunk_ghost_nasty_kobolds,
          ebering_dispersal_statue_hall, minmay_parallelograms
D:5:      layout_basic, gammafunk_temple_overflow_claw

Skill      XL: |  1  2  3  4  5  6 |
---------------+-------------------+-----
Maces & Flails | 2 3 |  3.8
Fighting       | 3 4 |  4.4
Throwing       | 2 3 |  3.9
Translocations | 3 |  3.7
Spellcasting   | 3 |  3.6
Dodging        | 3 |  3.1

Action                     |  1- 3 |  4- 6 |  7- 9 || total
---------------------------+-------+-------+-------++-------
  Melee: Mace              |    18 |    57 |     4 ||    79
         Hand axe          |       |     2 |       ||     2
         War axe           |       |     8 |    25 ||    33
         Short sword       |       |       |     5 ||     5
   Fire: Sling             |   110 |    86 |     8 ||   204
  Throw: Dart              |    15 |     1 |     4 ||    20
    Use: Scroll            |       |     6 |       ||     6
         Potion            |       |     4 |       ||     4
 Armour: Robe              |    32 |    24 |    11 ||    67
         Skin              |       |    22 |    16 ||    38
  Dodge: Dodged            |    39 |    56 |    22 ||   117
